 Seeded DCSS version 0.28.0-47-ge53b351184 (webtiles) character file.

Game seed: 11284124041852380858 (custom seed)

8 zeratav the Insei (level 2, 18/18 HPs)
             Began as an Octopode Transmuter on Apr 27, 2022.
             Quit the game on level 1 of the Dungeon.
             The game lasted 00:01:32 (559 turns).

zeratav the Insei (Octopode Transmuter)              Turns: 559, Time: 00:01:33

Health: 18/18      AC:  1    Str:  9    XL:     2   Next: 8%
Magic:  5/5        EV: 13    Int: 15    God:
Gold:   21         SH:  0    Dex: 12    Spells: 4/5 levels left

rFire   . . .      SeeInvis .     - Unarmed
rCold   . . .      Faith    .   (no shield)
rNeg    . . .      Spirit   .   (helmet restricted)
rPois   .          Reflect  .   (no amulet)
rElec   .          Harm     .   (no ring)
rCorr   .          Rampage  .   (no ring)
Will    .....                   (no ring)
Stlth   ++........              (no ring)
HPRegen 0.06/turn               (no ring)
MPRegen 0.09/turn               (no ring)
                                (no ring)
                                (no ring)

@: no status effects
A: almost no armour, amphibious, 8 rings, camouflage 1, gelatinous body 1,
(nimble swimmer 1), tentacles
a: no special abilities


You were on level 1 of the Dungeon.
You visited 1 branch of the dungeon, and saw 1 of its levels.

You collected 21 gold pieces.


Innate Abilities, Weirdness & Mutations

You cannot wear most types of armour.
You are amphibious.
You can wear up to eight rings at the same time.
Your skin changes colour to match your surroundings (Stealth+).
Your rubbery body absorbs attacks. (AC +1, EV +1)
((You are camouflaged when in or above water. (Stealth+)))
You have tentacles for arms and can constrict up to eight enemies at once.


   Skills:
 + Level 1.2 Fighting
 + Level 2.1 Dodging
 * Level 3.3 Unarmed Combat
 - Level 2.0 Spellcasting
 - Level 2.0 Transmutations


You had 4 spell levels left.
You knew the following spells:

 Your Spells              Type           Power      Damage    Failure   Level
a - Beastly Appendage     Tmut           14%        N/A       10%         1

Your spell library contained the following spells:

 Spells                   Type           Power      Damage    Failure   Level
 Wereblood                Tmut           7%         N/A       14%         2
 Spider Form              Tmut/Pois      4%         N/A       41%         3
 Ice Form                 Ice/Tmut       4%         N/A       82%         4

Inventory:

Armour
 i - the +18 shield of the Gong {rElec rN+ Will+ EV-5}
   (You acquired it on level 1 of the Dungeon)

   It is deafeningly noisy when blocking attacks.
   EV:        It affects your evasion (-5).
   rElec:     It insulates you from electricity.
   rN:        It protects you from negative energy.
   Will:      It increases your willpower.
Jewellery
 j - the ring "Ralen" {rElec rPois rCorr Dex-5}
   (You acquired it on level 1 of the Dungeon)

   [ring of resist corrosion]

   Dex:       It affects your dexterity (-5).
   rElec:     It insulates you from electricity.
   rPois:     It protects you from poison.
   rCorr:     It protects you from acid and corrosion.
Scrolls
 a - a scroll of teleportation {unknown}
 b - a scroll of identify {unknown}
 e - a scroll of magic mapping {unknown}
 g - a scroll of acquirement
 h - a scroll of vulnerability {unknown}
Potions
 c - a potion of heal wounds {unknown}
 d - a potion of cancellation {unknown}
 f - a potion of flight {unknown}

Dungeon Overview and Level Annotations

Branches:
Dungeon (1/15)

Altars:

Shops:
D:1

* ######## #......# #####......#
#### #..........#
############..###..........######
.............8...................
###...##.####.###..........######
#...##...8.∩>8.....#######
###...###..##...@.#### ......#
#..##8.##.# ####### ##.##..##.#
#.######.# ######## #.# #.#
####....... #.# #.# #.....)♣..♣
####.### #.# #...♣≈≈♣≈≈≈ #......#
#.# #....≈.≈.≈. #......#
#.#####..P≈.≈≈≈≈≈


There were no monsters in sight!


Message History

A ball python is nearby!
A bat comes into view.
The ball python hisses angrily.
You tentacle-slap the ball python. You grab the ball python.
You constrict the ball python. The ball python barely misses you.
The ball python closely misses you. The ball python bites you.
The ball python closely misses you.
HP[-2]
You take 2 damage, and now have 11/13 hp.
You tentacle-slap the ball python.
You kill the ball python!
The helpless bat fails to defend itself.
You tentacle-slap the bat.
You kill the bat!
No target in view!
No target in view!
No target in view!
No target in view!
No target in view!
No target in view!
No target in view!
No target in view!
No target in view!
No target in view!
f - a sapphire potion HP[+2]
Your hp is fully restored (13).
Found a stone staircase leading down.
A bat and a hobgoblin come into view.
The helpless hobgoblin fails to defend itself.
You tentacle-slap the hobgoblin. Your grab misses the hobgoblin.
The hobgoblin hits you.
You closely miss the hobgoblin. You grab the hobgoblin.
You constrict the hobgoblin, but do no damage.
The hobgoblin barely misses you. The bat misses you.
You tentacle-slap the hobgoblin but do no damage.
You constrict the hobgoblin. The bat hits you. The hobgoblin barely misses you.
HP[-2]
You take 2 damage, and now have 11/13 hp.
You tentacle-slap the hobgoblin.
You kill the hobgoblin!
The bat barely misses you.
You have reached level 2!
HP[+5] MP[+2]
You now have 18 max hp (+5).
You regained 5 hp, and now have 16/18 hp.
Your mp is fully restored (5).
You tentacle-slap the bat.
You kill the bat!
There is a stone staircase leading down here.
A rat comes into view.
HP[+2]
Your hp is fully restored (18).
A rat is nearby!
The helpless rat fails to defend itself.
You tentacle-slap the rat. Your grab misses the rat.
The rat bites you but does no damage.
You barely miss the rat. You grab the rat. You squeeze the rat.
You kill the rat!
No target in view!
No target in view!
No target in view!
No target in view!
No target in view!
No target in view!
No target in view!
No target in view!
No target in view!
No target in view!
No target in view!
No target in view!
g - 3 scrolls labelled AQICA NAYSHRUGH
Found an escape hatch in the floor.
Found Coyxyfuv's Assorted Antiques.
h - a scroll labelled NOCIER BYOZ No target in view!
No target in view!
No target in view!
No target in view!
No target in view!
No target in view!
No target in view!
There are no items here.
You now have 21 gold pieces (gained 10).
There is an entrance to Coyxyfuv's Assorted Antiques here.
Found a stone staircase leading down.
There is a stone staircase leading down here.
There is a stone staircase leading down here.
Found a pair of embroidered boots.
There is an escape hatch in the floor here.
Partly explored, can't reach some places.
Partly explored, can't reach some places.
This is a scroll of acquirement!
Something appears before you!
Unknown command.
i - the +18 shield of the Gong {rElec rN+ Will+ EV-5} Something appears before you!
Unknown command.
j - the ring "Ralen" {rElec rPois rCorr Dex-5} Are you sure you want to abandon this character and quit the game? (Confirm with "yes".)

Action                   || total
-------------------------++-------
Melee: Unarmed           ||    15
       Constrict         ||     5
       Tentacles         ||     1
  Use: Scroll            ||     2
 Stab: Sleeping          ||     4
Armor: Skin              ||     1
Dodge: Dodged            ||    10

Levels and vault maps discovered:
D:1:      matt_arrival_refuge, layout_basic,
          hellmonk_ecumenical_altar_crossroads, serial_shops,
          nicolae_shop_statue_plus, serial_bayou_pond_b

Notes
Turn   | Place    | Note
-------+----------+-------------------------------------------
     0 | D:1      | zeratav the Octopode Transmuter began the quest for the
                  | Orb.
     0 | D:1      | Reached XP level 1. HP: 13/13 MP: 3/3
     0 | D:1      | magus.rc [v1.9.6]
   149 | D:1      | Found a faded altar of an unknown god.
   367 | D:1      | Reached XP level 2. HP: 16/18 MP: 5/5
   422 | D:1      | Found Coyxyfuv's Assorted Antiques.
   555 | D:1      | Identified 3 scrolls of acquirement
   555 | D:1      | Acquired the +18 shield of the Gong {rElec rN+ Will+ EV-5}
   555 | D:1      | Found the +18 shield of the Gong {rElec rN+ Will+ EV-5}
   557 | D:1      | Acquired the ring "Ralen" {rElec rPois rCorr Dex-5}
   559 | D:1      | Quit the game

Vanquished Creatures
  2 bats (D:1)
  2 hobgoblins (D:1)
  A kobold (D:1)
  2 ball pythons (D:1)
  A rat (D:1)
8 creatures vanquished.

Table legend:
 A = Non-vault XP
 B = Vault XP
 C = Vault XP percentage of total XP
 D = Non-vault monster count
 E = Vault monster count
 F = Vault count percentage of total count
                 A         B        C        D         E       F
            +---------+---------+-------+---------+---------+-------
      Total |      12 |       0 |   0.0 |       8 |       0 |   0.0
            +---------+---------+-------+---------+---------+-------
        D:1 |      12 |       0 |   0.0 |       8 |       0 |   0.0
            +---------+---------+-------+---------+---------+-------

Illustrated notes

Table legend:
 A = Kills in this place as a percentage of kills in entire the game.
 B = Kills by you in this place as a percentage of kills by you in the entire game.
 C = Kills by friends in this place as a percentage of kills by friends in the entire game.
 D = Other kills in this place as a percentage of other kills in the entire game.
 E = Experience gained in this place as a percentage of experience gained in the entire game.
 F = Experience gained in this place divided by the number of levels of this place that you have seen.
                   A       B       C       D       E      F
               +-------+-------+-------+-------+-------+----------------------
         Total | 100.0 | 100.0 |   N/A |   N/A | 100.0 |  12.0
       Dungeon | 100.0 | 100.0 |   N/A |   N/A | 100.0 |  12.0
               +-------+-------+-------+-------+-------+----------------------

Table legend: (Time is in decaauts)
 A = Elapsed time spent in this place.
 B = Non-inter-level travel time spent in this place.
 C = Inter-level travel time spent in this place.
 D = Time resting spent in this place.
 E = Time spent auto-exploring this place.
 F = Levels seen in this place.
 G = Mean time per level.
                   A        B        C        D        E       F      G
               +--------+--------+--------+--------+--------+-----+--------+
         Total |    558 |    558 |      0 |     79 |    413 |   1 |  558.0 |
       Dungeon |    558 |    558 |      0 |     79 |    413 |   1 |  558.0 |
               +--------+--------+--------+--------+--------+-----+--------+

Top non-repeatable levels by time:
     D:1: 558 daAuts
